 Dungeon Crawl Stone Soup version 0.32-a0-686-gc880bc2 (webtiles) character file.

Game seed: 8302587192664759796

51 Toastz the Changeling (level 3, -2/29 HPs)
             Began as a Draconian Shapeshifter on Mar 12, 2024.
             Was an Initiate of Ashenzari.
             Slain by Robin
             ... wielding a +0 mace
              (4 damage)
             ... on level 2 of the Dungeon.
             The game lasted 00:02:31 (1118 turns).

Toastz the Changeling (Draconian Shapeshifter)      Turns: 1118, Time: 00:02:31

Health: -2/29      AC:  5    Str: 18    XL:     3   Next: 57%
Magic:  3/3        EV: 12    Int: 10    God:    Ashenzari [......]
Gold:   75         SH:  0    Dex: 10    Spells: 2/2 levels left

rFire   . .          .
                       - Unarmed
rCold   . . .        (no shield)
rNeg    . . .        (body armour unavailable)
rPois   .            (helmet currently unavailable)
rElec   .            (cloak currently unavailable)
rCorr   .            h - melded +0 pair of gloves of the Cursed Welkin {Melee, Dev} (curse)
SInv    .            (boots currently unavailable)
Will    .....        (no amulet)
Stlth   +            (no ring)
HPRegen 0.24/turn    (no ring)
MPRegen 0.08/turn

%: no passive effects
@: beast-form
A: beast (slay +2), AC +5, unfitting armour, cold-blooded
a: Begin Untransformation, Renounce Religion, Shatter the Chains


You were on level 2 of the Dungeon.
You worshipped Ashenzari.
Ashenzari was noncommittal.
You were a hulking beast.
You visited 1 branch of the dungeon, and saw 2 of its levels.

You collected 75 gold pieces.

Inventory:

Missiles
 i - 4 boomerangs (quivered)
Armour
 h - the cursed +0 pair of gloves of the Cursed Welkin (melded) {Melee, Dev}
   (You found it on level 1 of the Dungeon)

   It has a curse which improves the following skills: Melee Combat: Short
   Blades, Long Blades, Axes, Maces & Flails, Polearms, Staves and Unarmed
   Combat.
   Devices:   Evocations and Shapeshifting.
Jewellery
 d - a ring of ice
Talismans
 b - a beast talisman (active)
 c - a flux talisman
Scrolls
 e - 3 scrolls of identify {unknown}
 j - a scroll of torment {unknown}
Potions
 a - a potion of lignification
 f - a potion of magic {unknown}
 g - 3 potions of curing {unknown}


   Skills:
 + Level 2.0 Fighting
 + Level 2.2 Dodging
 + Level 3.3 Unarmed Combat
 * Level 3.6 Shapeshifting


You had 2 spell levels left.
You didn't know any spells.
Your spell library was empty.

Dungeon Overview and Level Annotations

Branches:
Dungeon (2/15)

Altars:
Ashenzari

Annotations:
D:2 Robin


Innate Abilities, Weirdness & Mutations

You are a hulking beast.
Your limbs bulge with bestial killing power. (Slay +2)
Your plain brown scales are hard. (AC +5)
You cannot fit into any form of body armour.
You are cold-blooded and may be slowed by cold attacks.


Message History

You hit the hobgoblin but do no damage.
The hobgoblin is severely wounded.
The hobgoblin misses you. The goblin barely misses you.
You hit the hobgoblin but do no damage.
The hobgoblin is severely wounded.
The hobgoblin barely misses you. The goblin closely misses you.
You punch the hobgoblin!
You kill the hobgoblin!
The goblin hits you but does no damage.
You barely miss the goblin.
Your tail-slap misses the goblin.
Robin roars a battlecry!
The goblins go into a battle-frenzy!
The goblin hits you with a +0 club.
You barely miss the goblin. The goblin hits you with a +0 club.
You barely miss the goblin. The goblin hits you with a +0 club.
You hit the goblin but do no damage. The goblin hits you with a +0 club.
* * * LOW HITPOINT WARNING * * *
You punch the goblin!
You kill the goblin!
You hit the hobgoblin.
You kill the hobgoblin!
Your Fighting skill increases to level 2!
You barely miss the goblin. You barely miss the goblin.
Your tail-slap misses the goblin.
The goblin hits you with a +0 dagger.
* * * LOW HITPOINT WARNING * * *
You barely miss the goblin. The goblin hits you with a +0 dagger.
* * * LOW HITPOINT WARNING * * *
You barely miss the goblin. The goblin barely misses you.
Robin says, "Duck!"
You punch the goblin!
You kill the goblin!
You closely miss the goblin. You tail-slap the goblin.
You kill the goblin!
You barely miss Robin. Robin hits you with a +0 mace.
* * * LOW HITPOINT WARNING * * *
You hit Robin but do no damage. Robin closely misses you.
You hit Robin but do no damage. Robin hits you with a +0 mace.
You die...
Robin lets out a smug laugh.

....... .......
....... .....g.
..ggg..####### #
..gg.gg......#
............$..#
###..####......####
......†hg..........
####.####......###
..###......#######
#.................
###..............
##...#ß###ß###⌠
#...#######
#........#
#....#####


You could see Robin.

Vanquished Creatures
  3 ball pythons
  2 bats (D:1)
  3 endoplasms
  2 giant cockroaches (D:1)
  10 goblins
  4 hobgoblins
  6 jackals (D:1)
  3 quokkas
  4 frilled lizards (D:1)
  A kobold (D:2)
  6 rats
44 creatures vanquished.

Notes
Turn   | Place    | Note
-------+----------+-------------------------------------------
     0 | D:1      | Toastz the Draconian Shapeshifter began the quest for the
                  | Orb.
     0 | D:1      | Reached XP level 1. HP: 16/16 MP: 1/1
   146 | D:1      | Reached XP level 2. HP: 22/23 MP: 2/2
   614 | D:1      | Reached XP level 3. HP: 29/29 MP: 3/3
  1014 | D:2      | Found a faded altar of an unknown god.
  1041 | D:2      | Prayed at the altar of an unknown god.
  1041 | D:2      | Became a worshipper of Ashenzari the Shackled
  1083 | D:2      | Noticed Robin
  1116 | D:2      | HP: 1/29 [Robin/+0 mace (6)]
  1118 | D:2      | Slain by Robin

Illustrated notes

Levels and vault maps discovered:
D:1:      dpeg_arrival_stonehenge_8_columns, layout_basic
D:2:      layout_basic, serial_corexii_hall, corexii_hall_statues_l,
          corexii_hall_statues_l, chequers_hall_statues_wall_a,
          corexii_hall_statues_i, hellmonk_ecumenical_altar_crossroads,
          uniq_robin

Skill      XL: |  1  2  3 |
---------------+----------+-----
Dodging        | 2 |  2.2
Fighting       | 2 |  2.0
Unarmed Combat | |  3.3
Shapeshifting  | |  3.6

Action                     || total
---------------------------++-------
  Melee: Unarmed           ||    97
         Tailslap          ||     8
 Invoke: Curse Item        ||     1
   Stab: Sleeping          ||     2
 Armour: Skin              ||    47
  Dodge: Dodged            ||    51
         Form:             ||     1
         Beast             ||     1

Table legend: (Time is in decaauts)
 A = Elapsed time spent in this place.
 B = Non-inter-level travel time spent in this place.
 C = Inter-level travel time spent in this place.
 D = Time resting spent in this place.
 E = Time spent auto-exploring this place.
 F = Levels seen in this place.
 G = Mean time per level.
                   A        B        C        D        E       F      G
               +--------+--------+--------+--------+--------+-----+--------+
         Total |   1111 |   1048 |     63 |      0 |    816 |   2 |  555.5 |
       Dungeon |   1111 |   1048 |     63 |      0 |    816 |   2 |  555.5 |
               +--------+--------+--------+--------+--------+-----+--------+

Top non-repeatable levels by time:
     D:1: 994 daAuts
     D:2: 117 daAuts
